 Dungeon Crawl Stone Soup version 0.24.0-37-gcf1ca852f1 (webtiles) character file.

Game seed: 8524525252353755087, levelgen mode: deterministic

200 grindst0ne the Firebug (level 5, -8/43 HPs)
             Began as a Gnoll Wanderer on Dec 1, 2019.
             Shot with an arrow by a centaur (14 damage)
             ... on level 5 of the Dungeon.
             The game lasted 00:05:28 (3555 turns).

grindst0ne the Firebug (Gnoll Wanderer)             Turns: 3555, Time: 00:05:28

Health: -8/43      AC:  4    Str: 14    XL:     5   Next: 79%
Magic:  7/7        EV: 11    Int: 18    God:
Gold:   228        SH:  0    Dex: 12    Spells: 7/7 levels left

rFire    . . .     SeeInvis .   m - +0 dagger (venom)
rCold    . . .     Gourm    .   (no shield)
rNeg     . . .     Faith    .   n - +0 leather armour (curse)
rPois    +         Spirit   .   (no helmet)
rElec    .         Reflect  .   (no cloak)
rCorr    .         Harm     .   (no gloves)
MR       .....                  s - +0 pair of boots
Stlth    ++........             (no amulet)
HPRegen  0.14/turn              e - ring of poison resistance
MPRegen  0.10/turn              (no ring)

@: no status effects
A: distributed training, fangs 1, strong nose
a: no special abilities


You were on level 5 of the Dungeon.
You were not hungry.

You visited 1 branch of the dungeon, and saw 5 of its levels.

You collected 228 gold pieces.

Inventory:

Hand Weapons
 a - a +0 spear
 m - a +0 dagger of venom (weapon)
Missiles
 f - 9 atropa-tipped darts (quivered)
 r - 3 boomerangs
Armour
 b - a +2 scale mail
 i - a +0 shield
 n - a cursed +0 leather armour (worn)
 s - a +0 pair of boots (worn)
Jewellery
 e - a ring of poison resistance (left hand)
Wands
 o - a wand of paralysis (9)
Scrolls
 c - 2 scrolls of teleportation
 g - 3 scrolls of magic mapping
 p - a scroll of identify
Potions
 h - 2 potions of curing
 j - a potion of flight
 l - a potion of agility
 q - a potion of mutation
 t - a potion of lignification
Comestibles
 d - 10 rations


   Skills:
 + Level 4.8 Fighting
 + Level 1.6 Short Blades
 + Level 1.6 Long Blades
 + Level 1.6 Axes
 + Level 1.6 Maces & Flails
 + Level 1.6 Polearms
 + Level 1.6 Staves
 + Level 1.6 Slings
 + Level 1.6 Bows
 + Level 1.6 Crossbows
 + Level 4.8 Throwing
 + Level 3.0 Armour
 + Level 1.6 Dodging
 + Level 1.6 Stealth
 + Level 1.6 Shields
 + Level 1.6 Unarmed Combat
 + Level 1.6 Spellcasting
 + Level 4.0 Conjurations
 + Level 1.2 Hexes
 + Level 1.2 Charms
 + Level 1.2 Summonings
 + Level 1.2 Necromancy
 + Level 1.2 Translocations
 + Level 1.2 Transmutations
 + Level 5.5 Fire Magic
 + Level 1.2 Ice Magic
 + Level 1.2 Air Magic
 + Level 1.2 Earth Magic
 + Level 1.2 Poison Magic
 + Level 1.8 Invocations
 + Level 1.6 Evocations


You had 7 spell levels left.
You didn't know any spells.
Your spell library was empty.

Dungeon Overview and Level Annotations

Branches:
Dungeon (5/15)
 Temple: D:4-7

Altars:
Fedhas
Gozag
Hepliaklqana

Annotations:
D:2 exclusion: downstairs
D:3 Sigmund
D:4 1 runed translucent door, frabbit's ghost, amateur OpIE
D:5 Menkaure


Innate Abilities, Weirdness & Mutations

Your experience applies equally to all skills.
You have very sharp teeth.
Your uncanny sense of smell can sniff out nearby items.


Message History

You now have 228 gold pieces (gained 8).
A centaur comes into view.
The centaur shouts!
You hear a shout!
The centaur wields a +0 shortbow.
The centaur shoots an arrow.
The arrow hits you!
The centaur shoots an arrow.
The arrow hits you.
You see here an arrow.
Menkaure, Prince of Dust comes into view.
The centaur shoots an arrow.
The arrow hits you.
You see here 2 arrows.
The centaur shoots an arrow.
The arrow hits you!
* * * LOW HITPOINT WARNING * * *
You see here an arrow.
The centaur shoots an arrow.
The arrow hits you.
* * * LOW HITPOINT WARNING * * *
You see here an arrow.
The centaur shoots an arrow.
The arrow barely misses you.
The centaur shoots an arrow.
The arrow barely misses you.
There is a stone staircase leading up here.
The centaur shoots an arrow.
The arrow hits you!
You die...

#. #...#.#
#.###...#.#
......M...#
∆#.......#
#......(#
###...#c#
#...#(#
...#.####.##.#
#.((..@..c(.#
###.#####.#.#
#.#.# #.#.#
#.#.# ∆ ....#
#.### #.#


You could see a centaur.

Vanquished Creatures
  An orc priest (D:2)
  An iguana (D:4)
  An orc wizard (D:3)
  A worker ant (D:4)
  3 adders
  An ooze (D:1)
  A worm (D:4)
  2 dart slugs
  9 orcs
  7 bats
  6 giant cockroaches
  A goblin (D:1)
  6 hobgoblins
  4 frilled lizards
  5 kobolds
  A leopard gecko skeleton (D:5)
  5 rats
55 creatures vanquished.

Notes
Turn   | Place    | Note
-------+----------+-------------------------------------------
     0 | D:1      | grindst0ne the Gnoll Wanderer began the quest for the Orb.
     0 | D:1      | grindst0ne set off with the following items: a +0 spear, a
                  | +2 scale mail, a scroll of teleportation, a ration
     0 | D:1      | Reached XP level 1. HP: 20/20 MP: 1/1
   136 | D:1      | Reached XP level 2. HP: 17/26 MP: 2/2
   731 | D:2      | Found an opulent altar of Gozag.
   785 | D:2      | Reached XP level 3. HP: 31/31 MP: 3/3
  1126 | D:2      | Reached skill level 1 in Short Blades
  1126 | D:2      | Reached skill level 1 in Long Blades
  1126 | D:2      | Reached skill level 1 in Axes
  1126 | D:2      | Reached skill level 1 in Maces & Flails
  1126 | D:2      | Reached skill level 1 in Polearms
  1126 | D:2      | Reached skill level 1 in Staves
  1126 | D:2      | Reached skill level 1 in Slings
  1126 | D:2      | Reached skill level 1 in Bows
  1126 | D:2      | Reached skill level 1 in Crossbows
  1126 | D:2      | Reached skill level 1 in Dodging
  1126 | D:2      | Reached skill level 1 in Stealth
  1126 | D:2      | Reached skill level 1 in Shields
  1126 | D:2      | Reached skill level 1 in Unarmed Combat
  1126 | D:2      | Reached skill level 1 in Spellcasting
  1126 | D:2      | Reached skill level 1 in Invocations
  1126 | D:2      | Reached skill level 1 in Evocations
  1126 | D:2      | Reached XP level 4. HP: 37/38 MP: 3/5
  1648 | D:3      | Found a blossoming altar of Fedhas.
  1671 | D:3      | Noticed Sigmund
  1688 | D:3      | Reached skill level 1 in Hexes
  1688 | D:3      | Reached skill level 1 in Charms
  1688 | D:3      | Reached skill level 1 in Summonings
  1688 | D:3      | Reached skill level 1 in Necromancy
  1688 | D:3      | Reached skill level 1 in Translocations
  1688 | D:3      | Reached skill level 1 in Transmutations
  1688 | D:3      | Reached skill level 1 in Ice Magic
  1688 | D:3      | Reached skill level 1 in Air Magic
  1688 | D:3      | Reached skill level 1 in Earth Magic
  1688 | D:3      | Reached skill level 1 in Poison Magic
  2029 | D:3      | Reached XP level 5. HP: 11/43 MP: 6/6
  2601 | D:3      | Found a hazy altar of Hepliaklqana.
  3263 | D:4      | Found a runed translucent door.
  3263 | D:4      | Noticed frabbit's ghost (amateur OpIE)
  3527 | D:5      | Entered Level 5 of the Dungeon
  3545 | D:5      | Noticed a centaur
  3546 | D:5      | Noticed Menkaure
  3555 | D:5      | Shot with an arrow by a centaur

Levels and vault maps discovered:
D:1:      dpeg_arrival_stone_temple_mockup, layout_basic
D:2:      layout_basic, lemuel_crystal_altar
D:3:      layout_rooms, marbit_many_paths, fedhas_altar_fruit_tree, uniq_sigmund
D:4:      layout_loops_cross, gammafunk_ghost_grave, first_ration
D:5:      layout_loops_ring, enter_ossuary_4, uniq_menkaure

Skill      XL: |  1  2  3  4  5 |
---------------+----------------+-----
Short Blades   | 1 |  1.6
Long Blades    | 1 |  1.6
Axes           | 1 |  1.6
Maces & Flails | 1 |  1.6
Polearms       | 1 |  1.6
Staves         | 1 |  1.6
Slings         | 1 |  1.6
Bows           | 1 |  1.6
Crossbows      | 1 |  1.6
Dodging        | 1 |  1.6
Stealth        | 1 |  1.6
Shields        | 1 |  1.6
Unarmed Combat | 1 |  1.6
Spellcasting   | 1 |  1.6
Invocations    | 1 |  1.8
Evocations     | 1 |  1.6
Hexes          | 1 |  1.2
Charms         | 1 |  1.2
Summonings     | 1 |  1.2
Necromancy     | 1 |  1.2
Translocations | 1 |  1.2
Transmutations | 1 |  1.2
Ice Magic      | 1 |  1.2
Air Magic      | 1 |  1.2
Earth Magic    | 1 |  1.2
Poison Magic   | 1 |  1.2
Armour         | 3 |  3.0
Conjurations   | 4 |  4.0
Fighting       | |  4.8
Throwing       | |  4.8
Fire Magic     | |  5.5

Action                   |  1- 3 |  4- 6 || total
-------------------------+-------+-------++-------
Melee: Spear             |   109 |       ||   109
       Bite              |     8 |     9 ||    17
       Dagger            |    18 |   107 ||   125
       Punch             |       |     1 ||     1
  Use: Scroll            |     1 |     6 ||     7
       Potion            |       |     2 ||     2
 Stab: Sleeping          |       |     1 ||     1
  Eat: Chunk             |     1 |     7 ||     8
Armor: Scale mail        |    96 |     3 ||    99
       Leather armour    |       |    18 ||    18
Dodge: Dodged            |    90 |    59 ||   149
